 Dungeon Crawl Stone Soup version 0.17-a0-2231-gd80ca38 (webtiles) character file.

19429 ololoev the Basher (level 12, -14/76 HPs)
             Began as a Gargoyle Gladiator on Oct 29, 2015.
             Was an Elder of Ashenzari.
             Killed from afar by a purple draconian knight (22 damage)
             ... with a shard of ice
             ... on level 1 of the Abyss.
             The game lasted 00:54:40 (13413 turns).

ololoev the Basher (Gargoyle Gladiator)            Turns: 13413, Time: 00:54:40

Health: -14/76     AC: 35    Str: 23    XL:     12   Next: 68%
Magic:  20/20      EV:  8    Int: 10    God:    Ashenzari [****..]
Gold:   1261       SH:  0    Dex: 10    Spells: 6 memorised, 2 levels left

rFire  . . .     SeeInvis +     a - +2 great mace (protect)
rCold  . . .     Clarity  +     h - +0 plate armour (curse)
rNeg   + + +     SustAt   .     (no shield)
rPois  ∞         Gourm    .     c - +0 helmet
rElec  +         Spirit   .     (no cloak)
rCorr  .         Warding  +     o - +1 pair of gloves (curse)
rMut   .         Stasis   .     u - +1 pair of boots (curse)
MR     .....                    H - amulet of warding (curse)
Stlth  ..........               i - ring of loudness (curse)
                                r - ring of positive energy (curse)

@: not resistant to hostile enchantments, extremely unstealthy
A: negative energy resistance 1, electricity resistance, unbreathing,
petrification resistance, rot immunity, AC +8
a: Scrying, Renounce Religion


Innate Abilities, Weirdness & Mutations

You are resistant to torment.
Your stone body is resilient (AC +8).
You are immune to poison.
You resist negative energy.
You are resistant to electric shocks.
You can survive without breathing.
You are immune to petrification.
You are immune to rotting.

Inventory:

Hand Weapons
 a - a +2 great mace of protection (weapon)
 b - a +1 blowgun
Missiles
 q - 23 poisoned needles
Armour
 c - a +0 helmet (worn)
 h - a cursed +0 plate armour (worn)
 o - a cursed +1 pair of gloves (worn)
 u - a cursed +1 pair of boots (worn)
Rods
 t - a +0 rod of destruction (10/10)
   (You found it on level 1 of the Abyss)
Jewellery
 i - a cursed ring of loudness (right hand)
 r - a cursed ring of positive energy (left hand)
 v - the ring of Shaolin {EV+8}
   (You found it on level 9 of the Dungeon)

   [ring of evasion]

   It affects your evasion (+8).
 G - a +3 ring of strength
 H - a cursed amulet of warding (around neck)
Wands
 D - a wand of disintegration (12)
Scrolls
 g - a scroll of amnesia {unknown}
 j - a scroll of fear
 k - 3 scrolls of recharging
 l - a scroll of teleportation
 n - 4 scrolls of fog
 A - a scroll of curse jewellery
 C - a scroll of summoning {unknown}
Potions
 d - 3 potions of brilliance
 f - a potion of flight {unknown}
 x - a potion of agility {unknown}
 z - a potion of heal wounds
 E - 2 potions of curing {unknown}
Comestibles
 e - 5 bread rations
 m - 6 chunks of flesh
 p - 5 beef jerkies
 w - a meat ration
 F - 8 slices of pizza


   Skills:
 + Level 9.2 Fighting
 * Level 12.2 Maces & Flails
 + Level 6.2 Throwing
 + Level 7.5(11.0) Armour
 - Level 2.4 Dodging
 - Level 5.3 Spellcasting
 - Level 6.5(10.1) Conjurations
 - Level 2.0(4.6) Hexes
 - Level 5.5(9.0) Fire Magic
 - Level 3.0(6.0) Air Magic
 + Level 0.3(1.4) Evocations


You had 2 spell levels left.
You knew the following spells:

 Your Spells              Type           Power        Failure   Level  Hunger
a - Blink                 Tloc           N/A          100%        2    ##.....
b - Repel Missiles        Chrm/Air       #.....       89%         2    ##.....
c - Conjure Flame         Conj/Fire      ###.....     17%         3    ###....
d - Mephitic Cloud        Conj/Pois/Air  ##......     85%         3    ###....
e - Fulminant Prism       Conj/Hex       ###.......   95%         4    ####...
f - Aura of Abjuration    Summ           #.........   100%        5    ######.


You were on level 1 of the Abyss.
You worshipped Ashenzari.
Ashenzari was greatly pleased with you.
You were not hungry.

You visited 3 branches of the dungeon, and saw 15 of its levels.
You visited the Abyss 1 time.
You also visited: Sewer.

You collected 1261 gold pieces.

, *
#######.## #
# # * #..#.
*#.. # , *
#.
...##.#.,∆.#
, , #..h#
##.# , *
##.# # , * *
, , #h# *..
,* * * #q#
*#** ,**
#.#*, * *
,,*#@# * ,
** #.#* *
,*#.# * *
,,, *#.., ,
, .##* * **,
**. * * * *
# , * * *

Notes
Turn   | Place    | Note
--------------------------------------------------------------
     0 | D:1      | ololoev the Gargoyle Gladiator began the quest for the Orb.
     0 | D:1      | Reached XP level 1. HP: 12/12 MP: 1/1
   182 | D:1      | Reached XP level 2. HP: 16/18 MP: 2/2
   491 | D:2      | Reached XP level 3. HP: 15/23 MP: 3/3
  1083 | D:2      | Reached skill level 4 in Maces & Flails
  1083 | D:2      | Reached XP level 4. HP: 18/28 MP: 4/4
  1364 | D:3      | Reached XP level 5. HP: 19/33 MP: 5/5
  1737 | D:3      | Reached skill level 5 in Maces & Flails
  1798 | D:4      | Noticed an ogre
  1909 | D:4      | Killed an ogre
  1909 | D:4      | Reached XP level 6. HP: 27/39 MP: 6/6
  1923 | D:4      | Reached skill level 6 in Maces & Flails
  2006 | D:4      | Reached XP level 7. HP: 28/44 MP: 7/7
  2038 | D:4      | Reached skill level 5 in Fighting
  2094 | D:4      | Reached skill level 7 in Maces & Flails
  2221 | D:4      | Found a glowing drain.
  2225 | Sewer    | Entered a sewer
  2554 | Sewer    | Reached skill level 1 in Armour
  2768 | Sewer    | Noticed B1inky's ghost (amateur GrTm)
  2878 | D:4      | Noticed an orc warrior
  2923 | D:4      | Killed an orc warrior
  2923 | D:4      | Reached XP level 8. HP: 27/51 MP: 8/8
  3296 | D:4      | Got a jewelled ring mail
  3297 | D:4      | Identified the cursed +1 ring mail of Pesaump {rPois rCorr Str-2 Int+4} (You found it on level 4 of the Dungeon)
  3388 | D:4      | Noticed emiel's ghost (novice FoEn)
  3422 | D:4      | Killed emiel's ghost
  3422 | D:4      | Reached skill level 8 in Maces & Flails
  3605 | D:4      | Found a glowing silver altar of Zin.
  3616 | D:4      | Found a shattered altar of Ashenzari.
  3657 | D:5      | Entered Level 5 of the Dungeon
  4074 | D:4      | Became a worshipper of Ashenzari the Shackled
  4170 | D:5      | Learned a level 2 spell: Blink
  4173 | D:5      | Learned a level 2 spell: Repel Missiles
  4177 | D:5      | Learned a level 3 spell: Conjure Flame
  4236 | D:5      | Found a staircase to the Ecumenical Temple.
  4244 | D:5      | Found a snail-covered altar of Cheibriados.
  4247 | Temple   | Entered the Ecumenical Temple
  4549 | D:5      | Found a blossoming altar of Fedhas.
  4683 | D:6      | Reached XP level 9. HP: 53/56 MP: 9/9
  4762 | D:6      | Reached skill level 1 in Spellcasting
  4762 | D:6      | Reached skill level 1 in Conjurations
  5553 | D:6      | Reached skill level 9 in Maces & Flails
  5561 | D:6      | Found an iron altar of Okawaru.
  6074 | D:6      | Noticed Eustachio
  6091 | D:6      | Killed Eustachio
  6334 | D:7      | Noticed Prince Ribbit
  6565 | D:7      | Found a viscous altar of Jiyva.
  6581 | D:7      | Found a stormy altar of Qazlal.
  6625 | D:7      | Reached * piety under Ashenzari
  7004 | D:7      | Reached skill level 1 in Fire Magic
  7235 | D:7      | Killed Prince Ribbit
  7334 | D:8      | Identified the +0 hand axe of Dishonour {holy, Str+3}
  7637 | D:8      | Found a stormy altar of Qazlal.
  7694 | D:8      | Reached XP level 10. HP: 63/63 MP: 13/13
  7803 | D:8      | Reached skill level 5 in Armour
  7997 | D:8      | Reached skill level 10 in Maces & Flails
  8067 | D:8      | Found a basalt altar of Yredelemnul.
  8375 | D:9      | Found a staircase to the Orcish Mines.
  8932 | D:9      | Reached skill level 5 in Throwing
  8971 | D:9      | Identified the +1 robe of Vehumet's Outrage {Str+2 Dex+3} (You took it off an orc on level 9 of the Dungeon)
  8995 | D:9      | Noticed Erolcha
  9014 | D:9      | Killed Erolcha
  9014 | D:9      | Reached XP level 11. HP: 46/68 MP: 16/16
  9237 | D:9      | Reached skill level 11 in Maces & Flails
  9256 | D:9      | Noticed Erica
  9274 | D:9      | Killed Erica
  9334 | D:9      | Noticed Pikel
  9347 | D:9      | Killed Pikel
  9424 | D:9      | Learned a level 3 spell: Mephitic Cloud
  9531 | D:9      | Reached ** piety under Ashenzari
  9564 | D:9      | Reached skill level 5 in Conjurations
  9632 | D:9      | Noticed an ice statue
  9690 | D:9      | Killed an ice statue
  9822 | D:9      | Noticed a hill giant
  9840 | D:9      | Killed a hill giant
 10078 | D:10     | Entered Level 10 of the Dungeon
 10111 | D:10     | Reached skill level 1 in Air Magic
 10323 | D:10     | Found a portal to a secret trove of treasure.
 10387 | D:10     | Noticed a hill giant
 10430 | D:10     | Killed a hill giant
 10803 | D:11     | Killed an unseen horror
 10896 | D:11     | Found a staircase to the Lair.
 11110 | D:11     | Reached XP level 12. HP: 68/75 MP: 19/19
 11271 | D:11     | Noticed Psyche
 11283 | D:11     | Reached *** piety under Ashenzari
 11284 | D:11     | Noticed Nergalle
 11304 | D:11     | Killed Psyche
 11304 | D:11     | Reached skill level 5 in Fire Magic
 11311 | D:11     | Killed Nergalle
 11341 | D:11     | Learned a level 4 spell: Fulminant Prism
 11381 | D:11     | Learned a level 5 spell: Aura of Abjuration
 11617 | Orc:1    | Entered Level 1 of the Orcish Mines
 12320 | Orc:2    | Noticed Harold
 12334 | Orc:1    | Killed Harold
 12334 | Orc:1    | Reached skill level 12 in Maces & Flails
 12334 | Orc:1    | Reached skill level 5 in Spellcasting
 12575 | Orc:3    | Found a staircase to the Elven Halls.
 12829 | Orc:3    | Reached skill level 1 in Hexes
 13045 | Orc:2    | Found a roughly hewn altar of Beogh.
 13045 | Orc:2    | Found Gijih's Magic Scroll Boutique.
 13053 | Orc:3    | Cast into the Abyss (orc)
 13077 | Abyss:1  | Noticed a tentacled starspawn
 13097 | Abyss:1  | Killed a tentacled starspawn
 13332 | Abyss:1  | Reached **** piety under Ashenzari
 13377 | Abyss:1  | Noticed a purple draconian knight
 13413 | Abyss:1  | Killed from afar by a purple draconian knight

Dungeon Overview and Level Annotations

Branches:
Dungeon (11/15)            Temple (1/1) D:5            Lair (0/8) D:11
    Orc (3/4) D:9             Elf (0/3) Orc:3

Altars:
Ashenzari
Cheibriados
Fedhas
Kikubaaqudgha
Makhleb
Okawaru
Qazlal
Sif Muna
Yredelemnul
Zin
Beogh
Jiyva

Shops:
Orc:2 ?

Portals:
Trove: D:10 (give wand of hasting (8))


Message History

You thump the purple draconian knight!
The purple draconian knight is lightly wounded.
The purple draconian knight casts a spell at you.
The bolt of cold misses you.
The purple draconian knight struggles against the net.
You hit the purple draconian knight but do no damage.
The purple draconian knight is lightly wounded.
The purple draconian knight struggles against the net.
You hit the purple draconian knight but do no damage.
The purple draconian knight is lightly wounded.
The purple draconian knight struggles against the net.
The net rips apart, and the purple draconian knight comes free!
The purple draconian knight hits you but does no damage.
Your plate armour prevents you from hitting the purple draconian knight.
The purple draconian knight is lightly wounded.
The purple draconian knight hits you but does no damage.
You sock the purple draconian knight!
The purple draconian knight is lightly wounded.
The purple draconian knight hits you but does no damage.
You sock the purple draconian knight!
The purple draconian knight is moderately wounded.
The purple draconian knight hits you but does no damage.
The purple draconian knight hits you with a great mace of protection!
You closely miss the purple draconian knight.
The purple draconian knight is moderately wounded.
The purple draconian knight closely misses you.
Your plate armour prevents you from hitting the purple draconian knight.
The purple draconian knight is moderately wounded.
The purple draconian knight barely misses you.
You hit the purple draconian knight but do no damage.
The purple draconian knight is moderately wounded.
The purple draconian knight hits you but does no damage.
You bludgeon the purple draconian knight!!
The purple draconian knight is heavily wounded.
The purple draconian knight gestures at you while chanting.
The bolt of cold hits you!
The purple draconian knight barely misses you.
The purple draconian knight points at you and mumbles some strange words.
The shard of ice hits you!
You die...

You could see a purple draconian knight (invisible) and 2 raiju.

Vanquished Creatures
  A tentacled starspawn (Abyss:1)
  Erolcha (D:9)
  Harold (Orc:1)
  Erica (D:9)
  Nergalle (D:11)
  An unseen horror (D:11)
  2 hill giants
  Pikel (D:9)
  An ugly thing (D:11)
  A worldbinder (Abyss:1)
  An ice statue (D:9)
  Psyche (D:11)
  A centaur skeleton (D:11)
  The ghost of emiel the Chopper, a novice FoEn (D:4)
  A silent spectre (Abyss:1)
  2 trolls
  Prince Ribbit (D:7)
  4 raiju (Abyss:1)
  2 wraiths (D:8)
  A deep elf mage (D:9)
  4 yaks (D:9)
  Eustachio (D:6)
  A steam dragon (D:10)
  A warg (D:9)
  2 hungry ghosts
  A hog (D:10)
  A hippogriff (D:11)
  A human (D:10)
  A water moccasin (D:9)
  2 porcupines (D:11)
  11 orc warriors
  An ice beast (D:10)
  3 slaves (D:9)
  A black bear (D:9)
  An eye of draining (D:10)
  4 sky beasts
  2 large abominations (Abyss:1)
  A necrophage (D:8)
  6 ogres
  2 phantoms
  A wasp (D:9)
  3 giant frogs
  2 centaurs (D:8)
  An elf zombie (D:8)
  A gnoll sergeant (D:7)
  An elf skeleton (D:8)
  7 scorpions
  5 killer bees (D:8)
  9 wights
  2 crimson imps
  5 jellies
  4 iguanas
  18 orc wizards
  4 human zombies (D:8)
  20 orc priests
  4 giant frog skeletons
  8 hounds
  3 hell rats (D:11)
  16 worker ants
  An ogre zombie (D:8)
  3 sheep (D:10)
  A mummy (D:8)
  2 worker ant zombies
  9 adders
  9 gnolls
  3 river rats
  3 shadow imps
  11 oozes
  An adder zombie (D:6)
  2 worms
  An adder skeleton (D:9)
  23 giant geckos
  111 orcs
  14 ball pythons
  18 giant cockroaches
  8 hobgoblins
  18 jackals
  5 quokkas
  7 bats
  A giant cockroach zombie (D:5)
  11 giant newts
  7 goblins
  6 kobolds
  A quokka skeleton (D:4)
  A quokka zombie (D:9)
  11 rats
475 creatures vanquished.

Vanquished Creatures (others)
  A slave (D:9)
  2 starspawn tentacles (Abyss:1)
  127 starspawn tentacle segments (Abyss:1)
130 creatures vanquished.

Grand Total: 605 creatures vanquished

Action                   |  1- 3 |  4- 6 |  7- 9 | 10-12 || total
-------------------------+-------+-------+-------+-------++-------
Melee: Flail             |   144 |    70 |   408 |    31 ||   653
       Whip              |       |    88 |   340 |       ||   428
       Great mace        |       |       |       |   797 ||   797
 Fire: Blowgun           |       |    14 |    33 |    72 ||   119
Throw: Throwing net      |       |     1 |     5 |     3 ||     9
       Tomahawk          |       |       |    25 |     1 ||    26
Evoke: Wand              |       |       |       |    17 ||    17
  Use: Scroll            |       |       |    19 |    11 ||    30
       Potion            |       |       |     5 |     7 ||    12
 Stab: Held in net/web   |       |     2 |       |       ||     2
  Eat: Chunk             |       |     4 |    18 |    16 ||    38
       Royal jelly       |       |       |     1 |       ||     1
       Meat ration       |       |       |       |     4 ||     4

Vault maps used:
D:1:      minmay_arrival_cross
D:3:      first_bread
D:4:      nicolae_overflow_hidden_temple, gup_sewer_entry_spiral
D:5:      marbit_many_paths, lemuel_crystal_altar, minmay_misc_feat_ornament
D:6:      okawaru_trees_2, uniq_eustachio
D:7:      basic_altar, jiyva_altar_1, uniq_prince_ribbit1
D:8:      lemuel_round_altar, lemuel_mausoleum_altar_yredelemnul
D:9:      minmay_statue_hallways, david_orc_1_choice, uniq_pikel, uniq_erolcha,
          uniq_erica
D:10:     enter_trove_0, grunt_livestock
D:11:     dpeg_lair_monsters, uniq_psyche, uniq_nergalle
Temple:   triangle_lava_temple_12
Orc:1:    nicolae_orc_crystal_geode
Orc:2:    serial_shops, nicolae_shop_trees, basic_altar, uniq_harold
Orc:3:    nicolae_orc_pool_cavern
Sewer:    sewer_frog_island_02
